 Dungeon Crawl Stone Soup version 0.24.1-8-ga250c9d538 (webtiles) character file.

Game seed: 15936415803829201424, levelgen mode: deterministic

5394 Hugehornet the Martial Artist (level 10, -3/58 HPs)
             Began as an Octopode Transmuter on May 4, 2020.
             Was a Priest of Cheibriados.
             Slain by a warg (13 damage)
             ... on level 10 of the Dungeon.
             The game lasted 00:48:25 (12401 turns).

Hugehornet the Martial Artist (OpTm)               Turns: 12401, Time: 00:48:27

Health: -3/58      AC:  5    Str: 15    XL:     10   Next: 66%
Magic:  12/17      EV: 20    Int: 25    God:    Cheibriados [***...]
Gold:   369        SH:  0    Dex: 24    Spells: 2/19 levels left

rFire    . . .     SeeInvis +     - Unarmed
rCold    . . .     Gourm    .   (shield currently unavailable)
rNeg     . . .     Faith    .   (helmet currently unavailable)
rPois    x         Spirit   .   B - amulet of the acrobat
rElec    .         Reflect  .   t - ring of see invisible
rCorr    +         Harm     .   z - +3 ring of protection
MR       .....                  A - ring of resist corrosion
Stlth    ++++......             (no ring)
HPRegen  0.19/turn              (no ring)
MPRegen  0.15/turn              (no ring)
                                (no ring)
                                (no ring)

@: spider-form, very slightly contaminated, very slow
A: tiny, almost no armour, stealthy swim, (amphibious), 8 rings, (constrict 8)
a: End Transformation, Bend Time, Temporal Distortion, Renounce Religion


You were on level 10 of the Dungeon.
You worshipped Cheibriados.
Cheibriados was most pleased with you.
You were not hungry.
You were a venomous arachnid creature.
You visited 2 branches of the dungeon, and saw 11 of its levels.

You collected 534 gold pieces.
You spent 165 gold pieces at shops.

Inventory:

Missiles
 a - 190 arrows
Armour
 y - a +0 shield
Jewellery
 j - an uncursed amulet of guardian spirit
 t - a ring of see invisible (left front leg)
 z - a +3 ring of protection (right front leg)
 A - a ring of resist corrosion (on tentacle)
 B - an amulet of the acrobat (around neck)
 H - an uncursed ring of ice
Wands
 q - a wand of flame (22)
 s - a wand of paralysis (35)
 E - a wand of scattershot (2)
 F - a wand of digging (3)
Scrolls
 d - 2 scrolls of amnesia
 f - 4 scrolls of remove curse {unknown}
 g - 2 scrolls of teleportation
 i - 3 scrolls of enchant armour {unknown}
 l - 2 scrolls of noise {unknown}
 m - a scroll of blinking {unknown}
 n - a scroll of magic mapping {unknown}
 o - a scroll of random uselessness {unknown}
 p - 4 scrolls of immolation {unknown}
 r - a scroll of fear {unknown}
 x - 2 scrolls of fog {unknown}
 C - a scroll of vulnerability {unknown}
 D - a scroll of identify
Potions
 e - 2 potions of might
 h - 4 potions of brilliance
 k - a potion of resistance
 u - a potion of cancellation
 v - 2 potions of agility {unknown}
 w - a potion of heal wounds {unknown}
 I - a potion of flight {unknown}
Comestibles
 c - 13 rations


   Skills:
 + Level 1.0 Fighting
 + Level 2.0 Dodging
 + Level 7.1 Stealth
 * Level 10.8 Unarmed Combat
 + Level 5.0 Spellcasting
 - Level 1.1 Hexes
 - Level 2.0 Charms
 - Level 2.0 Necromancy
 - Level 1.1 Translocations
 * Level 5.9 Transmutations
 - Level 3.8 Ice Magic
 - Level 3.2 Poison Magic
 + Level 3.0 Invocations


You had 2 spell levels left.
You knew the following spells:

 Your Spells              Type           Power        Failure   Level  Hunger
a - Beastly Appendage     Tmut           #####.       4%          1    None
b - Sticks to Snakes      Tmut           #####...     5%          2    None
c - Spider Form           Tmut/Pois      ####......   12%         3    ##.....
d - Apportation           Tloc           ##....       16%         1    None
e - Confusing Touch       Hex            ##....       16%         1    None
f - Ice Form              Ice/Tmut       ####....     26%         4    ####...
g - Regeneration          Chrm/Necr      ###.......   26%         3    ##.....
h - Blink                 Tloc           N/A          21%         2    None

Your spell library contained the following spells:

 Spells                   Type           Power        Failure   Level  Hunger
 Animate Skeleton         Necr           N/A          12%         1    None
 Pain                     Necr           ###.         12%         1    None
 Ensorcelled Hibernation  Hex/Ice        ###...       14%         2    None
 Corona                   Hex            ##.....      16%         1    None
 Slow                     Hex            ##......     21%         2    None
 Magic Dart               Conj           #...         22%         1    None
 Summon Small Mammal      Summ           #...         22%         1    None
 Call Imp                 Summ           #.......     28%         2    None
 Vampiric Draining        Necr           ###.......   26%         3    ##.....
 Confuse                  Hex            ##......     34%         3    ##.....
 Mephitic Cloud           Conj/Pois/Air  ##......     34%         3    ##.....
 Tukima's Dance           Hex            ##......     34%         3    ##.....
 Dazzling Spray           Conj/Hex       #.....       41%         3    ##.....
 Blade Hands              Tmut           #####.....   41%         5    #####..
 Conjure Flame            Conj/Fire      #.......     45%         3    ##.....
 Animate Dead             Necr           N/A          56%         4    ####...


Dungeon Overview and Level Annotations

Branches:
Dungeon (10/15)            Temple (1/1) D:6
   Lair: D:8-11         Orc: D:9-12

Altars:
Ashenzari
Cheibriados
Dithmenos
Elyvilon
Fedhas
Gozag
Hepliaklqana
Kikubaaqudgha
Makhleb
Nemelex Xobeh
Okawaru
Qazlal
Ru
Sif Muna
Trog
Uskayaw
Vehumet
Wu Jian
Xom
Yredelemnul
Zin
The Shining One

Shops:
D:4 =   D:8 [%(}[

Annotations:
D:8 2 transporters, droganthewolf's ghost, novice HOFi


Innate Abilities, Weirdness & Mutations

You cannot wear most types of armour.
You are very stealthy in the water. (Stealth+)
((You are amphibious.))
You can wear up to eight rings at the same time.
((You can use your tentacles to constrict eight enemies at once.))
((Your skin changes colour to match your surroundings (Stealth+).))
((Your rubbery body absorbs attacks. (AC +1, EV +1)))


Message History

The orc warrior barely misses the warg.
Casting: Confusing Touch (safe; 16% risk of failure)
Confirm with . or Enter, or press ? or * to list all spells.
You miscast Confusing Touch.
You are very lightly contaminated with residual magic.
You feel a bit tired. The warg barely misses you.
The orc priest begins to cast a cantrip, but forgets the words!
The orc priest invokes the aid of Beogh against you.
Beogh smites you!
* * * LOW HITPOINT WARNING * * *
The warg misses you.
The orc shouts!
You hit the orc priest.
The orc priest is poisoned.
The orc priest is moderately wounded.
The warg closely misses the warg.
The orc priest mumbles some strange prayers to Beogh against you.
Pain shoots through your body!
* * * LOW HITPOINT WARNING * * *
The warg bites you!
You die...

#.........# #.........#
##. .........# #..o
#......# #o...
########......#####.....
+.......................
#....(.......h........P.
#.............ho...#....
#............so....# .
#.............o....#
#.......<.............
#.....................#
#####+####+############


You could see 2 wargs, an orc warrior (confused), 2 orc priests and an orc.

Vanquished Creatures
  Erica (D:8)
  An unseen horror (D:10)
  Pikel (D:4)
  Maurice (D:8)
  A hippogriff (D:8)
  Menkaure (D:4)
  A water moccasin (D:8)
  Edmund (D:5)
  2 orc warriors (D:8)
  2 slaves (D:3)
  2 ice beasts (D:8)
  3 phantoms
  A necrophage (D:9)
  An eye of draining (D:9)
  3 centaurs
  Blork the orc (D:5)
  5 bullfrogs
  A scorpion (D:8)
  11 killer bees
  A howler monkey (D:7)
  4 crimson imps
  4 hounds
  A bullfrog skeleton (D:5)
  6 orc priests
  A gnoll shaman (D:3)
  3 orc wizards
  An iguana (D:5)
  2 worker ants
  2 hound skeletons
  A worker ant zombie (D:7)
  3 gnolls (D:3)
  A howler monkey skeleton (D:8)
  9 adders
  2 shadow imps
  3 adder skeletons
  A worm (D:2)
  2 leopard geckos
  30 orcs
  4 bats
  4 giant cockroaches
  7 goblins
  10 hobgoblins
  4 jackals (D:6)
  8 kobolds
  2 quokkas
  4 ball pythons
  11 frilled lizards
  2 gnoll zombies (D:2)
  A jackal zombie (D:5)
  A quokka skeleton (D:8)
  3 rats
178 creatures vanquished.

Vanquished Creatures (collateral kills)
  2 killer bees
2 creatures vanquished.

Vanquished Creatures (others)
  A slave (D:4)
  A scorpion (D:4)
  A centaur skeleton (D:4)
  2 orcs (D:8)
5 creatures vanquished.

Grand Total: 185 creatures vanquished

Notes
Turn   | Place    | Note
-------+----------+-------------------------------------------
     0 | D:1      | Hugehornet the Octopode Transmuter began the quest for the
                  | Orb.
     0 | D:1      | Reached XP level 1. HP: 13/13 MP: 3/3
    98 | D:1      | Reached XP level 2. HP: 13/18 MP: 5/5
   102 | D:1      | Learned a level 2 spell: Sticks to Snakes
   808 | D:2      | Found a shadowy altar of Dithmenos.
   817 | D:2      | Reached XP level 3. HP: 22/23 MP: 4/6
   822 | D:2      | Learned a level 3 spell: Spider Form
  1092 | D:2      | Found a basalt altar of Yredelemnul.
  1838 | D:2      | Reached XP level 4. HP: 16/28 MP: 5/7
  2123 | D:3      | Reached skill level 1 in Poison Magic
  2127 | D:3      | Reached XP level 5. HP: 25/33 MP: 3/8
  2229 | D:3      | Noticed an air elemental
  2232 | D:3      | Found a stormy altar of Qazlal.
  2233 | D:3      | Noticed a water elemental
  2233 | D:3      | Noticed a fire elemental
  2699 | D:4      | Noticed a slave
  2700 | D:4      | Noticed a slave
  2722 | D:3      | Killed a slave
  2949 | D:4      | Noticed Pikel
  2958 | D:3      | Killed a slave
  3203 | D:4      | Noticed a slave
  3205 | D:4      | Noticed a slave
  3210 | D:4      | Killed Pikel
  3210 | D:4      | Reached skill level 5 in Unarmed Combat
  3210 | D:4      | Reached skill level 5 in Transmutations
  3210 | D:4      | Reached XP level 6. HP: 12/38 MP: 3/9
  3210 | D:4      | Reached XP level 7. HP: 13/43 MP: 3/10
  3627 | D:4      | Noticed Menkaure
  3634 | D:4      | Killed Menkaure
  3634 | D:4      | Reached skill level 6 in Unarmed Combat
  3657 | D:4      | Reached skill level 1 in Stealth
  3838 | D:4      | Found Zibis's Jewellery Shoppe.
  3842 | D:4      | Bought an uncursed ring of see invisible for 165 gold
                  | pieces
  3990 | D:4      | Reached XP level 8. HP: 23/48 MP: 4/11
  4334 | D:4      | Learned a level 1 spell: Apportation
  4336 | D:4      | Learned a level 1 spell: Confusing Touch
  4381 | D:5      | Entered Level 5 of the Dungeon
  4941 | D:5      | Reached skill level 1 in Hexes
  4941 | D:5      | Reached skill level 1 in Translocations
  5421 | D:5      | Noticed Blork the orc
  5450 | D:5      | Noticed Edmund
  5468 | D:5      | Killed Edmund
  5488 | D:5      | Killed Blork the orc
  6347 | D:6      | Reached skill level 5 in Stealth
  6447 | D:6      | Found a staircase to the Ecumenical Temple.
  6451 | Temple   | Entered the Ecumenical Temple
  6463 | Temple   | Became a worshipper of Cheibriados the Contemplative
  8042 | D:7      | Reached skill level 1 in Invocations
  8042 | D:7      | Reached XP level 9. HP: 52/53 MP: 12/15
  8063 | D:7      | Learned a level 4 spell: Ice Form
  8067 | D:7      | Learned a level 3 spell: Regeneration
  8098 | D:7      | Reached skill level 1 in Ice Magic
  8744 | D:8      | Noticed a troll
  8749 | D:8      | Found Ewkozil's Gadget Shop.
  8758 | D:8      | Found a bloodstained altar of Trog.
  8758 | D:8      | Noticed a moth of wrath
  8758 | D:8      | Noticed droganthewolf's ghost (novice HOFi)
  8782 | D:8      | Reached * piety under Cheibriados
  8806 | D:8      | Found a transporter.
  8851 | D:8      | Found Jeup's Armour Boutique.
  9247 | D:8      | Noticed Maurice
  9267 | D:8      | Found Guhaj's Antique Armour Shop.
  9281 | D:8      | Killed Maurice
  9281 | D:8      | Reached skill level 7 in Unarmed Combat
  9281 | D:8      | Reached skill level 1 in Charms
  9281 | D:8      | Reached skill level 1 in Necromancy
  9525 | D:8      | Reached skill level 5 in Spellcasting
  9580 | D:8      | Reached ** piety under Cheibriados
  9656 | D:8      | HP: 1/53 [ice beast (12)]
  9858 | D:8      | Found Xuxeoghirall's Food Boutique.
  9888 | D:8      | Found a transporter.
 10125 | D:8      | Noticed Erica
 10168 | D:9      | Reached skill level 8 in Unarmed Combat
 10168 | D:9      | Reached XP level 10. HP: 58/58 MP: 13/17
 10915 | D:8      | Killed Erica
 10915 | D:8      | Reached skill level 9 in Unarmed Combat
 11370 | D:8      | Found Refoy's Antique Weapon Emporium.
 11444 | D:8      | HP: 2/69 [killer bee (4)]
 11841 | D:9      | Reached skill level 10 in Unarmed Combat
 12052 | D:9      | Reached *** piety under Cheibriados
 12174 | D:9      | Found a glowing golden altar of the Shining One.
 12177 | D:9      | Found a radiant altar of Vehumet.
 12180 | D:9      | Found a blossoming altar of Fedhas.
 12276 | D:10     | Entered Level 10 of the Dungeon
 12323 | D:10     | Noticed an unseen horror
 12335 | D:10     | Killed an unseen horror
 12388 | D:10     | Learned a level 2 spell: Blink
 12401 | D:10     | Slain by a warg

Levels and vault maps discovered:
D:1:      minmay_arrival_plants_in_alcoves, layout_rooms, nrook_loot_triangle,
          minmay_misc_feat_columns, minivault_26
D:2:      layout_basic, lemuel_zombie_altar_yredelemnul,
          overflow_temple_1_default, minmay_hexomino_c4
D:3:      layout_loops_ring, nicolae_qazlal_style_of_elements,
          minmay_misc_feat_rugged
D:4:      layout_loops_ring, serial_shops, shop, first_ration,
          kennysheep_opposing_triangles, uniq_menkaure, uniq_pikel
D:5:      layout_loops_ring, uniq_blork_the_orc, uniq_edmund
D:6:      layout_loops_corners, minmay_temple_entry_trees, serial_rivers,
          chequers_serial_rivers_micro_c, chequers_serial_rivers_small_a,
          chequers_serial_rivers_micro_e, chequers_serial_rivers_small_a
D:7:      layout_basic
D:8:      layout_cave_pods, serial_shops, shop, kennysheep_mini,
          nicolae_shop_window_shopping, shop, shop_fountains,
          gammafunk_ghost_wrathful_warriors, uniq_erica, uniq_maurice
D:9:      layout_rooms, grunt_temple_overflow_diamond
D:10:     minmay_sliced_demisemicircle, layout_stronghold,
          erik_lair_orcish_takeover, orc_0_dummy
Temple:   eino_temple_scatter_basement

Skill      XL: |  1  2  3  4  5  6  7  8  9 10 |
---------------+-------------------------------+-----
Transmutations | 3 4 5 |  5.9
Poison Magic   | 1 3 |  3.2
Unarmed Combat | 5 6 8 10 | 10.8
Stealth        | 3 6 7 |  7.1
Spellcasting   | 4 5 |  5.0
Hexes          | 1 |  1.1
Translocations | 1 |  1.1
Invocations    | 1 3 |  3.0
Ice Magic      | 3 |  3.8
Charms         | 2 |  2.0
Necromancy     | 2 |  2.0
Fighting       | |  1.0
Dodging        | |  2.0

Action                   |  1- 3 |  4- 6 |  7- 9 | 10-12 || total
-------------------------+-------+-------+-------+-------++-------
Melee: Unarmed           |    87 |    78 |   370 |   116 ||   651
       Constrict         |    29 |     8 |    25 |     5 ||    67
       Kick              |    19 |     6 |    53 |     7 ||    85
       Tentacles         |    10 |     1 |    23 |     4 ||    38
       Punch             |     1 |       |     6 |       ||     7
 Cast: Beastly Appendage |    23 |    10 |    41 |     3 ||    77
       Spider Form       |       |     5 |    32 |     7 ||    44
       Sticks to Snakes  |       |       |     5 |       ||     5
       Confusing Touch   |       |       |    24 |    19 ||    43
       Apportation       |       |       |     5 |       ||     5
       Ice Form          |       |       |     1 |     7 ||     8
       Regeneration      |       |       |     1 |     6 ||     7
 Abil: End Transformatio |       |       |     4 |     5 ||     9
  Use: Scroll            |       |     4 |     7 |       ||    11
       Potion            |       |     1 |     4 |     2 ||     7
 Stab: Sleeping          |     3 |     1 |    11 |     1 ||    16
       Confused          |       |       |    13 |    18 ||    31
  Eat: Chunk             |     3 |     5 |     8 |     1 ||    17
       Ration            |       |       |     5 |     1 ||     6
Armor: Skin              |     6 |       |    23 |    38 ||    67
Dodge: Dodged            |    62 |    51 |   250 |    74 ||   437
